 Dungeon Crawl Stone Soup version 0.30-a0-352-g1e81539c98 (webtiles) character file.

Game seed: 14028936987017808250

108 Ijustatesigmund the Grave Robber (level 4, -1/30 HPs)
             Began as a Demonspawn Necromancer on Nov 7, 2022.
             Slain by Sigmund
             ... wielding a +0 scythe
              (10 damage)
             ... on level 2 of the Dungeon.
             The game lasted 00:05:31 (1846 turns).

Ijustatesigmund the Grave Robber (DsNe)             Turns: 1846, Time: 00:05:32

Health: -1/30      AC:  3    Str:  8    XL:     4   Next: 58%
Magic:  8/9        EV: 12    Int: 18    God:
Gold:   73         SH:  4    Dex: 14    Spells: 8/9 levels left

rFire   . . .      SeeInvis .    c - +0 dagger (venom)
rCold   . . .      Faith    .    (no shield)
rNeg    . . .      Spirit   .    a - +0 robe
rPois   .          Reflect  .    (no helmet)
rElec   .          Harm     .    (no cloak)
rCorr   .          Rampage  .    (no gloves)
Will    .....                    h - +0 pair of boots
Stlth   ++........               (no amulet)
HPRegen 0.25/turn                (no ring)
MPRegen 0.11/turn                (no ring)

@: no status effects
A: large bone plates 1, powered by death 1
a: no special abilities


You were on level 2 of the Dungeon.
You visited 1 branch of the dungeon, and saw 2 of its levels.

You collected 73 gold pieces.

Inventory:

Hand Weapons
 c - a +0 dagger of venom (weapon)
Armour
 a - a +0 robe (worn)
 h - a +0 pair of boots (worn)
Magical Staves
 e - a staff of conjuration
Jewellery
 o - an amulet of faith
Scrolls
 i - a scroll of immolation {unknown}
 l - a scroll of teleportation
 m - a scroll of torment
 p - a scroll of identify {unknown}
Potions
 b - a potion of magic
 d - a potion of might {unknown}
 f - a potion of brilliance {unknown}
 g - a potion of heal wounds
 j - 3 potions of lignification {unknown}
 k - 2 potions of degeneration {unknown}
 n - a potion of invisibility {unknown}
 q - a potion of curing {unknown}


   Skills:
 - Level 1.7 Dodging
 - Level 1.7 Stealth
 + Level 3.4 Spellcasting
 + Level 5.6 Necromancy


You had 8 spell levels left.
You knew the following spells:

 Your Spells              Type           Power      Damage    Failure   Level
a - Necrotise             Necr           92%        1d8       1%          1

Your spell library contained the following spells:

 Spells                   Type           Power      Damage    Failure   Level
 Vampiric Draining        Necr           23%        2d7       4%          3
 Apportation              Tloc           6%         N/A       16%         1
 Summon Small Mammal      Summ           12%        N/A       16%         1
 Animate Dead             Necr           23%        N/A       16%         4
 Agony                    Necr           23%        N/A       38%         5
 Ignite Poison            Fire/Tmut/Pois 3%         N/A       43%         3
 Kindle Blastsparks       Fire/Tloc/Air  6%         2d10      43%         3
 Freezing Cloud           Conj/Ice/Air   1%         6-21      99%         5


Dungeon Overview and Level Annotations

Branches:
Dungeon (2/15)

Altars:

Annotations:
D:2 Sigmund


Innate Abilities, Weirdness & Mutations

You are partially covered in large bone plates. (SH +4)
You regenerate a little health from kills.


Message History

Sigmund and an endoplasm come into view.
Sigmund shouts!
The endoplasm quivers.
You aren't carrying any items that you can evoke.
Okay, then.
As you read the scroll labelled UKKEDA NIRAOC, it crumbles to dust.
Your body is wracked with pain!
Sigmund convulses!
The endoplasm convulses!
It was a scroll of torment.
It was a potion of heal wounds.
You feel much better.
Casting: Necrotise (safe; 1% risk of failure)
Confirm with . or Enter, or press ? or * to list all spells.
Aiming: Necrotise (safe; 1% risk of failure)
Press: ? - help, Shift-Dir - straight line, f - endoplasm
Aim: an endoplasm (moderately wounded, chance to affect: 91%)
The endoplasm writhes in agony.
Casting: Necrotise (safe; 1% risk of failure)
Confirm with . or Enter, or press ? or * to list all spells.
Aiming: Necrotise (safe; 1% risk of failure)
Press: ? - help, Shift-Dir - straight line, f/p - endoplasm
Aim: an endoplasm (almost dead, chance to affect: 91%)
The endoplasm writhes in agony.
You kill the endoplasm!
Sigmund gestures wildly while chanting.
Sigmund flickers and vanishes!
Deactivating autopickup; reactivate with Ctrl-A.
Okay, then.
You hear some strange, mumbled words.
You are confused.
Something hits you.
You bump into the rock wall.
You bump into the rock wall.
Something completely misses you.
You bump into the rock wall.
Something hits you!
You bump into the rock wall.
A bat comes into view.
Something hits you!
* * * LOW HITPOINT WARNING * * *
You barely miss something.
You feel less confused. Something hits you!
You die...

..8 #.#.#.# ..#
...... .#.#.#
..#
.....#.#.#)#
......#.#.#
..... #.# ...#
#.# .b# #.# #{#
#.# #@# #.# #.#
#.# #.#
#.########
#.####.........
#..............
###############
#### #...


You could see a bat.

Vanquished Creatures
  Jessica (D:2)
  An adder (D:2)
  A gnoll (D:1)
  5 ball pythons
  6 endoplasms
  2 giant cockroaches
  5 goblins
  3 hobgoblins
  12 jackals
  2 quokkas
  2 bats
  A frilled lizard (D:1)
  7 kobolds
  6 rats
54 creatures vanquished.

Vanquished Creatures (collateral kills)
  An endoplasm (D:1)
  A giant cockroach (D:1)
  A goblin (D:1)
  A jackal (D:1)
4 creatures vanquished.

Grand Total: 58 creatures vanquished

Notes
Turn   | Place    | Note
-------+----------+-------------------------------------------
     0 | D:1      | Ijustatesigmund the Demonspawn Necromancer began the quest
                  | for the Orb.
     0 | D:1      | Reached XP level 1. HP: 13/13 MP: 3/3
   180 | D:1      | Gained mutation: You regenerate a little health from kills.
                  | [demonic ancestry]
   180 | D:1      | Reached XP level 2. HP: 6/19 MP: 1/5
   497 | D:1      | Reached skill level 5 in Necromancy
   497 | D:1      | Reached XP level 3. HP: 18/24 MP: 0/7
  1225 | D:2      | Noticed Jessica
  1227 | D:2      | Killed Jessica
  1228 | D:2      | Gained mutation: You are partially covered in large bone
                  | plates. (SH +4) [demonic ancestry]
  1228 | D:2      | Reached XP level 4. HP: 18/30 MP: 5/8
  1832 | D:2      | Noticed Sigmund
  1846 | D:2      | Slain by Sigmund

Illustrated notes

Levels and vault maps discovered:
D:1:      minmay_arrival_up_and_down, layout_basic, minivault_14
D:2:      layout_basic, corexii_hall_statues_t, uniq_sigmund,
          uniq_crazy_yiuf_cottage, uniq_jessica

Skill      XL: |  1  2  3 |
---------------+----------+-----
Necromancy     | 5 |  5.6
Spellcasting   | 3 |  3.4
Dodging        | |  1.7
Stealth        | |  1.7

Action                   |  1- 3 |  4- 6 || total
-------------------------+-------+-------++-------
Melee: Dagger            |    45 |    48 ||    93
       Punch             |     1 |     1 ||     2
 Cast: Necrotise         |    57 |     2 ||    59
  Use: Scroll            |     5 |     1 ||     6
       Potion            |       |     1 ||     1
 Stab: Sleeping          |       |     4 ||     4
Armor: Robe              |    15 |     6 ||    21
Dodge: Dodged            |    51 |    29 ||    80
Block: Other             |       |     7 ||     7

Table legend: (Time is in decaauts)
 A = Elapsed time spent in this place.
 B = Non-inter-level travel time spent in this place.
 C = Inter-level travel time spent in this place.
 D = Time resting spent in this place.
 E = Time spent auto-exploring this place.
 F = Levels seen in this place.
 G = Mean time per level.
                   A        B        C        D        E       F      G
               +--------+--------+--------+--------+--------+-----+--------+
         Total |   1844 |   1811 |     33 |    224 |   1238 |   2 |  922.0 |
       Dungeon |   1844 |   1811 |     33 |    224 |   1238 |   2 |  922.0 |
               +--------+--------+--------+--------+--------+-----+--------+

Top non-repeatable levels by time:
     D:1: 961 daAuts
     D:2: 883 daAuts
